 Dungeon Crawl Stone Soup version 0.20-a0-493-g19c8d8d (webtiles) character file.

3378 Feta the Cleaver (level 10, 0/78 HPs)
             Began as a Hill Orc Fighter on Jan 16, 2017.
             Was a Priest of Okawaru.
             Succumbed to an orc warrior's poison
             ... on level 7 of the Dungeon.
             The game lasted 00:26:04 (7087 turns).

Feta the Cleaver (Hill Orc Fighter)                 Turns: 7087, Time: 00:26:04

Health: 0/78       AC: 12    Str: 23    XL:     10   Next: 3%
Magic:  10/10      EV:  6    Int: 17    God:    Okawaru [***...]
Gold:   473        SH: 10    Dex: 10    Spells: 9/9 levels left

rFire    . . .     SeeInvis .   a - +2 hand axe (chop)
rCold    . . .     Gourm    .   j - +0 chain mail (curse)
rNeg     . . .     Faith    .   c - +0 shield
rPois    .         Spirit   .   n - +0 helmet
rElec    .         Reflect  .   d - +0 cloak
rCorr    .         Harm     .   (no gloves)
MR       .....                  (no boots)
Stlth    ..........             (no amulet)
Regen    0.3/turn               (no ring)
                                m - +4 ring of intelligence

@: brilliant, lethally poisoned (0 -> -3), exhausted, about to teleport, slowed,
very slow
A: no striking features
a: Heroism, Renounce Religion


You were on level 7 of the Dungeon.
You worshipped Okawaru.
Okawaru was most pleased with you.
You were hungry.

You visited 2 branches of the dungeon, and saw 8 of its levels.
You also visited: Sewer.

You collected 473 gold pieces.

Inventory:

Hand Weapons
 a - a +2 hand axe of chopping (weapon)
 b - a +0 hunting sling
Missiles
 e - 147 sling bullets
 g - 203 stones (quivered)
 v - 10 poisoned needles
Armour
 c - a +0 shield (worn)
 d - a +0 cloak (worn)
 j - a cursed +0 chain mail (worn)
 n - a +0 helmet (worn)
 I - a cursed +0 plate armour
Jewellery
 m - a +4 ring of intelligence (left hand)
Wands
 q - a wand of random effects (18/48)
 y - a wand of lightning (3/15)
 K - a wand of polymorph (7/24)
 L - a wand of digging (12/24)
Scrolls
 p - 2 scrolls of amnesia
 s - 4 scrolls of identify
 u - 4 scrolls of noise
 z - a scroll of immolation
 A - 4 scrolls of remove curse
 C - 3 scrolls of fear
 D - a scroll of enchant weapon
 G - a scroll of blinking {unknown}
Potions
 H - a potion of flight
Books
 t - a book of Callings

   Spells                             Type                      Level
   a - Summon Small Mammal            Summoning                    1
   b - Call Imp                       Summoning                    2
   c - Call Canine Familiar           Summoning                    3
   d - Summon Guardian Golem          Hexes/Summoning              3
   e - Summon Lightning Spire         Summoning/Air                4
   f - Summon Ice Beast               Ice/Summoning                4
 E - a book of Necromancy

   Spells                             Type                      Level
   a - Pain                           Necromancy                   1
   b - Animate Skeleton               Necromancy                   1
   c - Vampiric Draining              Necromancy                   3
   d - Regeneration                   Charms/Necromancy            3
   e - Animate Dead                   Necromancy                   4
   f - Control Undead                 Necromancy                   4
Comestibles
 f - 7 bread rations
 h - 5 beef jerkies
 k - 2 slices of pizza
 l - 4 fruits
 o - 2 meat rations
 r - 6 chunks of flesh


   Skills:
 + Level 3.8 Fighting
 + Level 12.9 Axes
 + Level 5.8 Slings
 + Level 6.3 Armour
 + Level 6.2 Shields


You had 9 spell levels left.
You didn't know any spells.

Dungeon Overview and Level Annotations

Branches:
Dungeon (7/15)             Temple (1/1) D:7

Altars:
Ashenzari
Cheibriados
Elyvilon
Fedhas
Hepliaklqana
Kikubaaqudgha
Nemelex Xobeh
Okawaru
Qazlal
Ru
Sif Muna
Trog
Uskayaw
Vehumet
Xom
Yredelemnul
Zin
The Shining One

Shops:
D:6 }


Message History

Your +1 hand axe of chopping glows red for a moment.
* * * LOW HITPOINT WARNING * * *
You feel sick.
As you read the scroll labeled XOESAS UTRONAE, it crumbles to dust.
The air around you briefly surges with heat, but it dissipates.
It was a scroll of immolation.
You feel like a meek peon again.
* * * LOW HITPOINT WARNING * * *
You feel sick.
As you read the scroll labeled TEAVEV NUICRI, it crumbles to dust.
You feel strangely unstable.
It was a scroll of teleportation.
* * * LOW HITPOINT WARNING * * *
You feel sick.
As you read the scroll labeled NOUPNI LAETZIA, it crumbles to dust.
You feel aware of your surroundings.
It was a scroll of magic mapping.
* * * LOW HITPOINT WARNING * * *
You feel sick.
As you read the scroll labeled CIEPLO KODEXOM, it crumbles to dust.
The scroll dissolves into smoke.
It was a scroll of fog.
You die...

#.........##.# #.#......##
#.........##.##### #.#........
#.........##.....#####'#+####+##
#..........#....................
###########.#....................
#.......# #......................
.....##.####...§§§§..............
.....##....[)[§§§§§..............
...........[[.§§@§§..............
...........((>##############.....
..#'#^........# #.....
..#_#.........# ########.....
..#+#.........# #............
..............# #............
..((...)......# #...........#
...###.......## #...........#
...#*#.......# #...........#


There were no monsters in sight!

Vanquished Creatures
  Grinder (D:6)
  The ghost of Hypnagogic the Magician, an amateur DECj (D:5)
  Menkaure (D:5)
  The ghost of anet the Vandal, an amateur HaWz (Sewer)
  A sky beast (D:6)
  3 orc warriors
  A black bear (D:5)
  An ice beast (D:5)
  2 phantoms
  Purgy (Sewer)
  An ogre (D:5)
  3 centaurs
  5 bullfrogs
  3 scorpions
  2 jellies
  6 howler monkeys
  A crimson imp (D:6)
  A centaur zombie (D:5)
  A quasit (D:7)
  A bullfrog zombie (D:7)
  2 orc priests
  2 hounds
  A centaur skeleton (D:4)
  2 orc wizards
  2 iguanas
  9 worker ants
  Robin (D:3)
  A gnoll (D:1)
  5 adders
  2 river rats (D:4)
  2 shadow imps (D:7)
  An ooze (D:6)
  An adder zombie (D:4)
  An adder skeleton (D:4)
  A worm (D:4)
  7 leopard geckos
  25 orcs
  4 ball pythons
  10 bats
  10 giant cockroaches
  18 goblins
  10 hobgoblins
  15 jackals
  8 kobolds
  7 quokkas
  3 frilled lizards
  A quokka skeleton (D:5)
  6 rats
194 creatures vanquished.

Vanquished Creatures (others)
  A quokka (D:6)
1 creature vanquished.

Grand Total: 195 creatures vanquished

Notes
Turn   | Place    | Note
-------+----------+-------------------------------------------
     0 | D:1      | Feta the Hill Orc Fighter began the quest for the Orb.
     0 | D:1      | Reached XP level 1. HP: 19/19 MP: 1/1
    35 | D:1      | Reached skill level 3 in Axes
   112 | D:1      | Reached XP level 2. HP: 23/26 MP: 2/2
   115 | D:1      | Reached skill level 4 in Axes
   348 | D:1      | Reached XP level 3. HP: 27/31 MP: 3/3
   965 | D:2      | Reached skill level 5 in Axes
  1350 | D:2      | Reached XP level 4. HP: 39/39 MP: 4/4
  1438 | D:3      | Found a stormy altar of Qazlal.
  1481 | D:3      | Reached skill level 6 in Axes
  1805 | D:3      | Reached skill level 7 in Axes
  1805 | D:3      | Reached XP level 5. HP: 25/45 MP: 5/5
  1986 | D:3      | Noticed Robin
  2024 | D:3      | Killed Robin
  2063 | D:3      | Found an iron altar of Okawaru.
  2106 | D:3      | Became a worshipper of Warmaster Okawaru
  2143 | D:3      | Found a white marble altar of Elyvilon.
  2240 | D:3      | Found a shattered altar of Ashenzari.
  2240 | D:3      | Found a snail-covered altar of Cheibriados.
  2349 | D:3      | Noticed an angel
  2350 | D:3      | Found a glowing silver altar of Zin.
  2486 | D:4      | Reached skill level 8 in Axes
  2486 | D:4      | Reached XP level 6. HP: 47/51 MP: 6/6
  2511 | D:4      | Reached skill level 9 in Axes
  2968 | D:4      | Found a glowing drain.
  2972 | Sewer    | Entered a sewer
  2972 | Sewer    | Noticed anet's ghost (amateur HaWz)
  3024 | Sewer    | Killed anet's ghost
  3024 | Sewer    | Reached * piety under Okawaru
  3024 | Sewer    | Reached skill level 10 in Axes
  3024 | Sewer    | Reached XP level 7. HP: 57/57 MP: 7/7
  3090 | Sewer    | Noticed Purgy
  3098 | Sewer    | Killed Purgy
  3650 | D:4      | Reached skill level 11 in Axes
  3885 | D:5      | Entered Level 5 of the Dungeon
  3897 | D:5      | Reached skill level 1 in Slings
  3897 | D:5      | Reached XP level 8. HP: 64/64 MP: 8/8
  3910 | D:5      | Reached ** piety under Okawaru
  3997 | D:5      | Noticed Menkaure
  4005 | D:5      | Killed Menkaure
  4144 | D:5      | Noticed Hypnagogic's ghost (amateur DECj)
  4168 | D:5      | Killed Hypnagogic's ghost
  4168 | D:5      | Reached skill level 12 in Axes
  4511 | D:5      | Reached *** piety under Okawaru
  4511 | D:5      | Reached XP level 9. HP: 50/70 MP: 9/9
  4703 | D:5      | Reached skill level 5 in Armour
  5152 | D:6      | Found a sacrificial altar of Ru.
  5220 | D:6      | Reached skill level 5 in Shields
  5292 | D:6      | Found Cigod's Gadget Shop.
  5444 | D:6      | Found a white marble altar of Elyvilon.
  5481 | D:6      | HP: 1/70 [orc warrior/scimitar (12)]
  5973 | D:6      | Noticed Grinder
  5973 | D:6      | Paralysed by Grinder for 4 turns
  5989 | D:6      | Killed Grinder
  5989 | D:6      | Reached skill level 5 in Slings
  6467 | D:7      | Received a gift from Okawaru
  6493 | D:7      | Found a deep blue altar of Sif Muna.
  6565 | D:7      | Found a hazy altar of Hepliaklqana.
  6789 | D:7      | Found a white marble altar of Elyvilon.
  6877 | D:7      | Found a staircase to the Ecumenical Temple.
  6911 | Temple   | Entered the Ecumenical Temple
  7018 | D:7      | Reached **** piety under Okawaru
  7018 | D:7      | Reached XP level 10. HP: 77/78 MP: 10/10
  7082 | D:7      | HP: 3/78 [poisoned by an orc warrior]
  7085 | D:7      | HP: 1/78 [poisoned by an orc warrior]
  7087 | D:7      | Succumbed to an orc warrior's poison

Vault maps used:
D:1:      lightli_arrival_statue_moat, minmay_crystal_water
D:2:      first_bread
D:3:      lemuel_round_altar, zin_angel, gammafunk_temple_overflow_wave,
          lemuel_doored_altar, okawaru_altar_gauntlet_db, uniq_robin
D:4:      gup_sewer_entry_spiral
D:5:      kennysheep_six_static_rooms, uniq_menkaure
D:6:      lemuel_crystal_altar, serial_shops, nicolae_shop_behind_doors,
          elyvilon_altar_4, uniq_grinder
D:7:      kennysheep_mini_moat, lemuel_round_altar, basic_altar
Temple:   zaba_magenta_temple
Sewer:    sewer_big_baddie

Skill      XL: |  1  2  3  4  5  6  7  8  9 |
---------------+----------------------------+-----
Axes           | 3 4 5 7 8 10 11 12 | 12.9
Slings         | 1 3 5 |  5.8
Shields        | 4 6 |  6.2
Armour         | 4 6 |  6.3
Fighting       | |  3.8

Action                   |  1- 3 |  4- 6 |  7- 9 | 10-12 || total
-------------------------+-------+-------+-------+-------++-------
Melee: War axe           |   114 |    18 |       |       ||   132
       Hand axe          |       |   206 |   389 |    15 ||   610
 Fire: Hunting sling     |       |       |   139 |     4 ||   143
Throw: Stone             |       |    23 |     1 |       ||    24
Invok: Heroism           |       |       |     1 |     1 ||     2
Evoke: Wand              |       |       |       |     1 ||     1
  Use: Scroll            |       |     1 |       |     8 ||     9
       Potion            |       |     4 |     2 |     4 ||    10
  Eat: Chunk             |     2 |     4 |    14 |       ||    20
Armor: Scale mail        |    26 |       |       |       ||    26
       Chain mail        |    57 |    94 |   126 |     3 ||   280
Dodge: Dodged            |    41 |    37 |    57 |       ||   135
Block: Shield            |    68 |    98 |   126 |     5 ||   297
